 Dungeon Crawl Stone Soup version 0.30.0-29-ga12c61a403 (webtiles) character file.

Game seed: 17844117883300503106

1390 qw the Cleaver (level 8, -14/51 HPs)
             Began as a Gargoyle Fighter on June 3, 2023.
             Demolished by a two-headed ogre
             ... wielding a +0 giant spiked club
              (18 damage)
             ... on level 6 of the Dungeon.
             The game lasted 00:02:39 (4571 turns).

qw the Cleaver (Gargoyle Fighter)                   Turns: 4571, Time: 00:02:40

Health: -14/51     AC: 17    Str: 21      XL:     8   Next: 68%
Magic:  8/8        EV:  8    Int: 10      God:
Gold:   97         SH:  4    Dex: 13 (15) Spells: 7/7 levels left

rFire   . . .        Y - +1 war axe
rCold   . . .        c - +0 buckler
rNeg    + . .        f - +1 chain mail {rPois}
rPois   inf          g - +0 helmet
rElec   +            (no cloak)
rCorr   .            (no gloves)
SInv    .            (no boots)
Will    +....        (no amulet) Stlth
                     j - +6 ring of dexterity
HPRegen 0.28/turn    a - ring of willpower
MPRegen 0.11/turn

%: no passive effects
@: no status effects
A: sickness immunity, AC +5, negative energy resistance 1, electricity
resistance, torment resistance 1, petrification resistance
a: no special abilities


You were on level 6 of the Dungeon.
You visited 2 branches of the dungeon, and saw 7 of its levels.

You collected 217 gold pieces.
You spent 120 gold pieces at shops.


Innate Abilities, Weirdness & Mutations

You are immune to sickness and miasma.
Your stone body is resilient. (AC +5)
You are immune to poison.
You resist negative energy. (rN+)
You are resistant to electric shocks. (rElec)
You are resistant to unholy torment.
You are immune to petrification.


   Skills:
 - Level 6.0 Fighting
 - Level 8.0 Axes
 + Level 3.9 Armour
 - Level 2.3 Dodging
 - Level 3.2 Shields


You had 7 spell levels left.
You didn't know any spells.
Your spell library was empty.

Inventory:

Hand Weapons
 e - a +0 morningstar
 Y - a +1 war axe (weapon)
Armour
 c - a +0 buckler (worn)
 f - a +1 chain mail of poison resistance (worn)
 g - a +0 helmet (worn)
Jewellery
 a - a ring of willpower (right hand)
 j - a +6 ring of dexterity (left hand)
Scrolls
 i - a scroll of identify
Potions
 b - a potion of resistance {unknown}
 d - 2 potions of might
 h - 2 potions of mutation
 l - a potion of flight {unknown}
 m - a potion of haste {unknown}
 n - a potion of curing
 o - a potion of brilliance {unknown}

Dungeon Overview and Level Annotations

Branches:
Dungeon (6/15)             Temple (1/1) D:4

Altars:
Cheibriados
Elyvilon
Fedhas
Gozag
Hepliaklqana
Kikubaaqudgha
Makhleb
Nemelex Xobeh
Ru
Sif Muna
Trog
Uskayaw
Wu Jian
Xom
Yredelemnul
Zin
The Shining One

Shops:
D:4 ?[:

Annotations:
D:2 1 runed translucent door, Crazy Yiuf


Message History

You block the adder's attack.
You hit the adder but do no damage.
The adder is severely wounded.
The adder bites you but does no damage. x2
You slash the adder!
You kill the adder!
You open the door.
Found 7 stones.
There is an open door here.
Enter note:
Enter note:
Enter note: You open the door.
Found an escape hatch in the ceiling.
There is an open door here.
Enter note:
Enter note:
Enter note: A two-headed ogre comes into view.
It is wielding two +0 giant spiked clubs.
Enter note:
Enter note:
Enter note:
Enter note: You slash the two-headed ogre!
The two-headed ogre is moderately wounded.
The two-headed ogre hits you with a +0 giant spiked club!
The two-headed ogre barely misses you.
You slash the two-headed ogre!
The two-headed ogre is heavily wounded.
The two-headed ogre hits you with a +0 giant spiked club! x2
You hit the two-headed ogre.
The two-headed ogre is severely wounded.
You slash the two-headed ogre!
The two-headed ogre is almost dead.
The two-headed ogre hits you with a +0 giant spiked club!
The two-headed ogre closely misses you.
You hit the two-headed ogre but do no damage.
The two-headed ogre is almost dead.
The two-headed ogre hits you with a +0 giant spiked club!!
You die...

#. ##.## ##.|.##
#.....##### #....#... .
##....?# ..
..#.##..¤~O.#.#
.......P¤~@...#
.###.....### #.###.# #.#
... #.# #### ##.##
#########
########...######.......#
#...................###.#
#.######..<.#####.#%###.#


You could see a two-headed ogre.

Vanquished Creatures
  An ogre (D:5)
  A phantom (D:5)
  A kobold brigand (D:6)
  6 scorpions
  A howler monkey (D:5)
  2 quasits (D:6)
  2 hounds (D:5)
  3 jellies
  3 orc priests
  An iguana (D:6)
  A sleepcap (D:4)
  Jessica (D:2)
  Natasha (twice) (D:4)
  4 orc wizards
  Robin (D:4)
  5 adders
  2 shadow imps (D:6)
  2 white imps (D:6)
  2 ufetubi
  2 worms (D:2)
  6 dart slugs
  22 orcs
  2 bats
  5 endoplasms
  2 giant cockroaches (D:1)
  16 goblins
  17 hobgoblins
  8 jackals (D:1)
  11 kobolds
  5 quokkas
  7 ball pythons
  A frilled lizard (D:1)
  3 rats
  A spectral goblin (D:1)
  A spectral hobgoblin (D:4)
150 creatures vanquished.

Notes
Turn   | Place    | Note
-------+----------+-------------------------------------------
     0 | D:1      | qw the Gargoyle Fighter began the quest for the Orb.
     0 | D:1      | Reached XP level 1. HP: 14/14 MP: 1/1
     0 | D:1      | 0 ||| qw: Version: 0.2-a-103-g5a998e5
     0 | D:1      | 0 ||| qw: Game counter: 1097
     0 | D:1      | 0 ||| qw: Always use a shield: true
     0 | D:1      | 0 ||| qw: God list: Okawaru
     0 | D:1      | 0 ||| qw: Allow faded altars: false
     0 | D:1      | 0 ||| qw: Do Orc after D:15 true
     0 | D:1      | 0 ||| qw: Do second Lair branch before Depths: true
     0 | D:1      | 0 ||| qw: Lair rune preference: random
     0 | D:1      | 0 ||| qw: Plans: Normal, Zot:1-4, Slime:5, God:TSO, Crypt,
                  | Tomb, Pan, Hells, Abyss, Win
     0 | D:1      | 0 ||| PLANNING D:1-11
    52 | D:1      | 52 ||| Stepping ~*~*~tactically~*~*~ (stealth).
    53 | D:1      | 53 ||| Stepping ~*~*~tactically~*~*~ (stealth).
    54 | D:1      | 54 ||| Stepping ~*~*~tactically~*~*~ (stealth).
    57 | D:1      | Reached skill level 2 in Axes
    89 | D:1      | 89 ||| Stepping ~*~*~tactically~*~*~ (stealth).
    91 | D:1      | 91 ||| Stepping ~*~*~tactically~*~*~ (stealth).
    94 | D:1      | Reached XP level 2. HP: 19/19 MP: 2/2
   254 | D:1      | 254 ||| Stepping ~*~*~tactically~*~*~ (stealth).
   284 | D:1      | Reached skill level 3 in Axes
   308 | D:1      | 308 ||| Stepping ~*~*~tactically~*~*~ (hiding).
   320 | D:1      | Reached XP level 3. HP: 22/23 MP: 3/3
   422 | D:1      | 422 ||| Stepping ~*~*~tactically~*~*~ (stealth).
   614 | D:1      | Found a faded altar of an unknown god.
   703 | D:1      | 703 ||| Stepping ~*~*~tactically~*~*~ (stealth).
   715 | D:1      | 715 ||| UPGRADING to +6 ring of dexterity.
   716 | D:1      | 716 ||| READING scroll labelled MIUKOR ZEHUTA.
   717 | D:1      | 717 ||| READING scroll labelled TIOJEAG WOUPH.
   718 | D:1      | 718 ||| READING scroll labelled AFRESUZIFA.
   718 | D:1      | Identified a scroll of acquirement
   718 | D:1      | 718 ||| ACQUIRING ring of willpower
   718 | D:1      | Acquired a ring of willpower
   720 | D:1      | 720 ||| UPGRADING to ring of willpower.
   778 | D:2      | Noticed Jessica
   788 | D:2      | Killed Jessica
   789 | D:2      | Reached skill level 1 in Dodging
   789 | D:2      | Reached XP level 4. HP: 28/28 MP: 4/4
   865 | D:2      | 865 ||| Stepping ~*~*~tactically~*~*~ (stealth).
   933 | D:2      | 933 ||| Stepping ~*~*~tactically~*~*~ (hiding).
  1052 | D:2      | Reached skill level 4 in Axes
  1081 | D:2      | 1081 ||| Stepping ~*~*~tactically~*~*~ (stealth).
  1501 | D:2      | Found a runed translucent door.
  1502 | D:2      | Noticed Crazy Yiuf
  1643 | D:2      | 1643 ||| READING scroll labelled CEPRUFF SOEHUI.
  1644 | D:2      | 1644 ||| READING scroll labelled UNORIXT SOPHET.
  1645 | D:2      | 1645 ||| READING 4 scrolls labelled VEIPSE PAEVOCLI.
  1646 | D:2      | 1646 ||| READING scroll labelled IPHEUG ILIAZA.
  1729 | D:2      | 1729 ||| READING 3 scrolls of identify.
  1729 | D:2      | 1729 ||| IDENTIFYING purple potion
  1794 | D:3      | Reached XP level 5. HP: 30/32 MP: 5/5
  1849 | D:3      | 1849 ||| DROPPING +0 whip.
  1915 | D:3      | 1915 ||| Stepping ~*~*~tactically~*~*~ (stealth).
  2001 | D:3      | Reached skill level 5 in Axes
  2034 | D:3      | Identified the +1 spear of Sloth {heavy, rN+}
  2308 | D:3      | 2308 ||| DROPPING ring of flight.
  2309 | D:3      | 2309 ||| READING 3 scrolls of identify.
  2309 | D:3      | 2309 ||| IDENTIFYING metallic brown potion
  2310 | D:3      | 2310 ||| READING 2 scrolls of identify.
  2310 | D:3      | 2310 ||| IDENTIFYING coppery potion
  2311 | D:3      | 2311 ||| DROPPING potion of berserk rage.
  2330 | D:4      | Found Adghun's Book Shop.
  2337 | D:4      | 2337 ||| STAIRDANCE
  2365 | D:4      | Found Gank's Antique Armour Boutique.
  2368 | D:4      | 2368 ||| SHOPLISTING distressingly furry plate armour (448
                  | gold, have 134).
  2368 | D:4      | 2368 ||| BUYING glowing chain mail (120 gold).
  2368 | D:4      | Bought a glowing chain mail for 120 gold pieces
  2368 | D:4      | 2368 ||| SHOPLISTING glowing scale mail (112 gold, have
                  | 14).
  2372 | D:4      | Found Suyha's Magic Scroll Shoppe.
  2377 | D:4      | 2377 ||| SHOPLISTING scroll of brand weapon (133 gold, have
                  | 14).
  2377 | D:4      | 2377 ||| SHOPLISTING scroll of enchant armour (105 gold,
                  | have 14).
  2427 | D:4      | Reached XP level 6. HP: 38/38 MP: 6/6
  2427 | D:4      | Noticed Robin
  2437 | D:4      | Killed Robin
  2502 | D:4      | Found a staircase to the Ecumenical Temple.
  2503 | D:4      | 2503 ||| PLANNING TEMPLE
  2503 | D:4      | 2503 ||| UPGRADING to +1 chain mail of poison resistance.
  2513 | D:4      | 2513 ||| DROPPING +0 scale mail.
  2514 | D:4      | 2514 ||| UPGRADING to +0 helmet.
  2533 | Temple   | Entered the Ecumenical Temple
  2559 | Temple   | 2559 ||| PLANNING D:1-11
  2601 | D:4      | 2601 ||| Stepping ~*~*~tactically~*~*~ (hiding).
  2721 | D:4      | 2721 ||| Stepping ~*~*~tactically~*~*~ (stealth).
  2723 | D:4      | 2723 ||| Stepping ~*~*~tactically~*~*~ (stealth).
  2724 | D:4      | 2724 ||| Stepping ~*~*~tactically~*~*~ (stealth).
  2811 | D:4      | Found a glowing silver altar of Zin.
  2811 | D:4      | Found a glowing golden altar of the Shining One.
  2916 | D:4      | Reached skill level 6 in Axes
  2916 | D:4      | Reached XP level 7. HP: 43/43 MP: 7/7
  2957 | D:4      | Noticed Natasha
  2963 | D:4      | Killed Natasha
  3149 | D:4      | Found a hazy altar of Hepliaklqana.
  3207 | D:4      | Noticed Natasha
  3217 | D:4      | Killed Natasha
  3379 | D:4      | 3379 ||| READING scroll labelled LINAPS SIAN.
  3380 | D:4      | 3380 ||| DRINKING 2 green potions.
  3421 | D:5      | Entered Level 5 of the Dungeon
  3497 | D:5      | Identified the +9 mace of Qeip Amy {antimagic, rElec}
  3502 | D:5      | 3502 ||| Stepping ~*~*~tactically~*~*~ (stealth).
  3531 | D:5      | 3531 ||| Stepping ~*~*~tactically~*~*~ (stealth).
  3533 | D:5      | 3533 ||| Stepping ~*~*~tactically~*~*~ (hiding).
  3543 | D:5      | Reached skill level 7 in Axes
  3552 | D:5      | 3552 ||| Stepping ~*~*~tactically~*~*~ (stealth).
  3554 | D:5      | 3554 ||| Stepping ~*~*~tactically~*~*~ (hiding).
  3569 | D:5      | Reached XP level 8. HP: 48/49 MP: 8/8
  4019 | D:6      | Reached skill level 8 in Axes
  4057 | D:6      | 4057 ||| FLEEEEING.
  4086 | D:6      | Reached skill level 6 in Fighting
  4086 | D:6      | 4086 ||| FLEEEEING.
  4087 | D:6      | 4087 ||| FLEEEEING.
  4088 | D:6      | 4088 ||| FLEEEEING.
  4089 | D:6      | 4089 ||| FLEEEEING.
  4091 | D:6      | 4091 ||| FLEEEEING.
  4092 | D:6      | 4092 ||| FLEEEEING.
  4093 | D:6      | 4093 ||| FLEEEEING.
  4094 | D:6      | 4094 ||| FLEEEEING.
  4095 | D:6      | 4095 ||| FLEEEEING.
  4096 | D:6      | 4096 ||| FLEEEEING.
  4097 | D:6      | 4097 ||| FLEEEEING.
  4098 | D:6      | 4098 ||| FLEEEEING.
  4099 | D:6      | 4099 ||| FLEEEEING.
  4100 | D:6      | 4100 ||| FLEEEEING.
  4101 | D:6      | 4101 ||| FLEEEEING.
  4102 | D:6      | 4102 ||| FLEEEEING.
  4103 | D:6      | 4103 ||| FLEEEEING.
  4104 | D:6      | 4104 ||| FLEEEEING.
  4105 | D:6      | 4105 ||| STAIRDANCE
  4154 | D:6      | 4154 ||| Stepping ~*~*~tactically~*~*~ (hiding).
  4350 | D:6      | 4350 ||| FLEEEEING.
  4351 | D:6      | 4351 ||| FLEEEEING.
  4352 | D:6      | 4352 ||| FLEEEEING.
  4353 | D:6      | 4353 ||| FLEEEEING.
  4355 | D:6      | 4355 ||| FLEEEEING.
  4356 | D:6      | 4356 ||| FLEEEEING.
  4357 | D:6      | 4357 ||| FLEEEEING.
  4362 | D:6      | 4362 ||| Stepping ~*~*~tactically~*~*~ (hiding).
  4374 | D:6      | HP: 11/51 [orc warrior/+0 halberd (9)]
  4375 | D:6      | 4375 ||| READING scroll of teleportation.
  4376 | D:6      | 4376 ||| DRINKING potion of heal wounds.
  4561 | D:6      | Noticed a two-headed ogre
  4570 | D:6      | HP: 4/51 [two-headed ogre/+0 giant spiked club (12)]
  4571 | D:6      | Demolished by a two-headed ogre

Levels and vault maps discovered:
D:1:      scummos_arrival_gate, layout_loops_ring,
          dreamdust_ecumenical_altar_drowned_temple, chequers_garden
D:2:      layout_loops_ring, minmay_octomino_e4, uniq_jessica,
          uniq_crazy_yiuf_cottage
D:3:      layout_rooms
D:4:      layout_cave_pods, nicolae_hepliaklqana_monster_ancestors,
          mainiacjoe_overflow_divided_tiny, minmay_temple_entry_slanted,
          serial_shops, nicolae_shop_behind_doors, nicolae_shop_rolling_square,
          shop, grunt_ministairs_15, uniq_natasha, uniq_robin
D:5:      layout_rooms
D:6:      layout_loops_corners, okawaru_ov_weapons_minmay,
          mainiacjoe_overflow_boulevard, fiery_altar_vehumet, serial_demonic,
          serial_demonic_g, serial_demonic_b, serial_demonic_f, serial_demonic_a
Temple:   nicolae_temple_ecumenical_triangle

Skill      XL: |  1  2  3  4  5  6  7  8 |
---------------+-------------------------+-----
Axes           | 2 3 4 5 6 7 8 |  8.0
Dodging        | 1 2 |  2.3
Fighting       | 4 5 6 |  6.0
Armour         | |  3.9
Shields        | |  3.2

Action                     |  1- 3 |  4- 6 |  7- 9 || total
---------------------------+-------+-------+-------++-------
  Melee: War axe           |    94 |   155 |   172 ||   421
    Use: Scroll            |     3 |     7 |     2 ||    12
         Potion            |       |       |     2 ||     2
 Armour: Scale mail        |    55 |    70 |       ||   125
         Chain mail        |       |    18 |   105 ||   123
  Dodge: Dodged            |    34 |    67 |    80 ||   181
  Block: Buckler           |     7 |    41 |    41 ||    89

Table legend:
 A = Non-vault XP
 B = Vault XP
 C = Vault XP percentage of total XP
 D = Non-vault monster count
 E = Vault monster count
 F = Vault count percentage of total count
                 A         B        C        D         E       F
            +---------+---------+-------+---------+---------+-------
      Total |    1689 |     298 |  15.0 |     121 |      29 |  19.3
            +---------+---------+-------+---------+---------+-------
        D:1 |      73 |       1 |   1.4 |      37 |       1 |   2.6
        D:2 |      36 |      46 |  56.1 |      10 |       5 |  33.3
        D:3 |     150 |       0 |   0.0 |      15 |       0 |   0.0
        D:4 |     425 |     117 |  21.6 |      32 |      17 |  34.7
        D:5 |     598 |       0 |   0.0 |      12 |       0 |   0.0
        D:6 |     407 |     134 |  24.8 |      15 |       6 |  28.6
            +---------+---------+-------+---------+---------+-------
